 Dungeon Crawl Stone Soup version 0.31-a0-986-g5e6e4ef867 (webtiles) character file.

Game seed: 3483237685733884494

5572 Persephone the Basher (level 10, -3/54 (61) HPs)
             Began as a Gargoyle Fighter on Nov 14, 2023.
             Was an Elder of Ru.
             Killed by divine providence
             ... invoked by an orc priest
              (13 damage)
             ... on level 11 of the Dungeon.
             The game lasted 00:17:01 (7726 turns).

Persephone the Basher (Gargoyle Fighter)            Turns: 7726, Time: 00:17:02

HP:   -3/54 (61)    AC: 20    Str: 24    XL:     10   Next: 72%
MP:   10/10         EV:  6    Int:  9    God:    Ru [****..]
Gold: 362           SH:  7    Dex: 21    Spells: 9/9 levels left

rFire   x . .        r - +1 whip (flame)
rCold   x . .        c - +1 buckler
rNeg    + . .        z - +0 plate armour
rPois   ∞            t - +0 hat {Will+}
rElec   +            (no cloak)
rCorr   .            (no gloves)
SInv    .            (no boots)
Will    +....        (no amulet) Stlth
                     d - +6 ring of dexterity
HPRegen 0.29/turn    q - +6 ring of dexterity
MPRegen 0.12/turn

%: no passive effects
@: exhausted, heavily drained
A: sickness immunity, AC +7, negative energy resistance 1, electricity
resistance, torment resistance 1, petrification resistance, inability to train
dodging, no earth magic, no translocations magic, no transmutations magic,
temperature sensitive
a: Renounce Religion, Draw Out Power, Power Leap


You were on level 11 of the Dungeon.
You worshipped Ru.
Ru was greatly pleased with you.
You visited 1 branch of the dungeon, and saw 9 of its levels.

You collected 362 gold pieces.

Inventory:

Hand Weapons
 a - a +0 flail
 k - a +0 whip of draining
 r - a +1 whip of flaming (weapon)
Missiles
 x - a throwing net
Armour
 c - a +1 buckler (worn)
 t - a +0 hat of willpower (worn)
 z - a +0 plate armour (worn)
Jewellery
 d - a +6 ring of dexterity (left hand)
 q - a +6 ring of dexterity (right hand)
 w - a ring of ice
Wands
 b - a wand of flame (12)
 g - a wand of polymorph (5)
 A - a wand of roots (8)
Scrolls
 f - 2 scrolls of poison
 i - 3 scrolls of teleportation
 n - 2 scrolls of immolation
 p - a scroll of amnesia
 u - 2 scrolls of blinking
 y - 2 scrolls of identify
Potions
 e - a potion of cancellation
 h - 2 potions of attraction
 j - 3 potions of curing
 l - a potion of haste {unknown}
 m - 2 potions of resistance
 o - a potion of brilliance {unknown}
 s - 2 potions of magic {unknown}
 v - 2 potions of berserk rage {unknown}


   Skills:
 + Level 6.5 Fighting
 - Level 12.0(12.4) Maces & Flails
 + Level 5.0(9.2) Staves
 + Level 6.5 Armour
 + Level 6.5 Shields


You had 9 spell levels left.
You didn't know any spells.
Your spell library contained the following spells:

 Spells                   Type           Power      Damage    Failure   Level
 Call Canine Familiar     Summ           0%         N/A       100%        3
 Dazzling Flash           Conj/Hex       0%         N/A       100%        3
 Sigil of Binding         Hex            0%         N/A       100%        3
 Olgreb's Toxic Radiance  Pois           0%         N/A       100%        4
 Agony                    Necr           0%         N/A       100%        5
 Silence                  Hex/Air        0%         N/A       100%        5
 Cigotuvi's Dreadful Rot  Necr/Pois/Air  Unusable   N/A       N/A         2
 Dimensional Bullseye     Hex/Tloc       Unusable   N/A       N/A         4
 Leda's Liquefaction      Hex/Erth       Unusable   N/A       N/A         4

Dungeon Overview and Level Annotations

Branches:
Dungeon (11/15)            Temple (0/1) D:5            Lair (0/5) D:8
    Orc: D:9-12

Altars:
Hepliaklqana
Ru
Sif Muna
Trog

Shops:
D:5 [


Innate Abilities, Weirdness & Mutations

You are immune to sickness and miasma.
Your stone body is resilient. (AC +7)
You are immune to poison.
You resist negative energy. (rN+)
You are resistant to electric shocks. (rElec)
You are resistant to unholy torment.
You are immune to petrification.
You cannot train Dodging skill.
You cannot study or cast Earth magic.
You cannot study or cast Translocations magic.
You cannot study or cast Transmutations magic.
You are sensitive to extremes of temperature. (rF-, rC-)


Message History

The orc warrior hits you with a +0 halberd.
The orc hits you but does no damage.
You whack the orc warrior! You burn the orc warrior.
You kill the orc warrior!
Something hits you but does no damage.
Your base Staves skill increases to level 5!
The orc shouts!
You block something's attack.
The orc warrior hits you from afar with a +0 trident!
The orc priest barely misses you. The orc attacks as it pursues you!
You block the orc's attack.
An orc comes into view. It is wielding a +4 dagger of venom.
Things that are here:
a +0 halberd; a +0 chain mail; an orc corpse You barely miss the orc.
Something hits you.
The orc priest mumbles some strange prayers to Beogh against you.
Beogh smites you!
* * * LOW HITPOINT WARNING * * *
The orc warrior barely misses you.
The orc is stunned by your conviction and fails to attack.
You are restored by drawing out deep reserves of power within.
You feel drained. Something hits you but does no damage.
The orc warrior hits you from afar with a +0 trident!
The orc priest hits you but does no damage.
The orc hits you but does no damage.
You hit the orc. You burn the orc.
You kill the orc!
Something hits you.
You miss something. Something hits you but does no damage.
The orc priest hits you but does no damage.
The orc warrior hits you from afar with a +0 trident.
An orc comes into view. It is wielding a +0 whip.
You closely miss something. Something hits you.
* * * LOW HITPOINT WARNING * * *
You focus your inner power and blind something in retribution!
You hit something. You burn something. Something hits you.
* * * LOW HITPOINT WARNING * * *
The orc priest mumbles some strange prayers to Beogh against you.
Beogh smites you!
You die...

......#.# #
........# .#
........# ..#
........###.#
............#
...........
........o#
.......o.#
.######)@##.#
.######.....#
........##'.#
......))#..o#o..
...####.#.Do#.o.
.. #.#...8o.⌠
#.#...'o.. ...
#.#...8.. ....
#)#...#


You could see an orc warrior, an orc priest and 3 orcs.

Vanquished Creatures
  Gastronok (D:8)
  Pikel (D:5)
  A cyclops (D:8)
  A manticore (D:11)
  Sigmund (D:4)
  4 steam dragons
  An acid dragon (D:11)
  2 sky beasts (D:7)
  Duvessa (D:5)
  3 orc warriors
  An ice beast (D:3)
  A black bear (D:6)
  3 ogres
  A centaur (D:11)
  2 phantoms
  A lemure (D:5)
  A kobold brigand (D:7)
  3 bullfrogs
  2 scorpions (D:5)
  3 wights (D:6)
  Dowan (D:5)
  2 howler monkeys
  3 jellies
  3 orc priests
  A sleepcap (D:7)
  4 hounds
  3 iguanas
  Terence (D:2)
  6 orc wizards
  Robin (D:3)
  3 gnolls (D:4)
  10 adders
  2 white imps
  7 worms
  4 dart slugs
  33 orcs
  6 bats
  8 endoplasms
  3 giant cockroaches
  15 hobgoblins
  2 jackals (D:2)
  7 quokkas
  9 ball pythons
  4 frilled lizards
  18 goblins
  14 kobolds
  5 rats
209 creatures vanquished.

Notes
Turn   | Place    | Note
-------+----------+-------------------------------------------
     0 | D:1      | Persephone the Gargoyle Fighter began the quest for the
                  | Orb.
     0 | D:1      | Reached XP level 1. HP: 14/14 MP: 1/1
   151 | D:1      | Reached XP level 2. HP: 15/19 MP: 2/2
   246 | D:1      | Reached skill level 3 in Maces & Flails
   733 | D:1      | Reached XP level 3. HP: 23/23 MP: 3/3
   872 | D:2      | Found a faded altar of an unknown god.
   907 | D:2      | Noticed Terence
   913 | D:2      | Killed Terence
   914 | D:2      | Reached skill level 4 in Maces & Flails
   955 | D:2      | Reached XP level 4. HP: 28/28 MP: 4/4
  1372 | D:3      | Noticed Robin
  1519 | D:2      | Prayed at the altar of an unknown god.
  1519 | D:2      | Became a worshipper of Ru the Awakened
  1542 | D:3      | Gained mutation: You cannot train Dodging skill. [Ru
                  | sacrifice]
  1542 | D:3      | Reached * piety under Ru
  1552 | D:3      | Found a hazy altar of Hepliaklqana.
  1633 | D:3      | Killed Robin
  1634 | D:3      | Reached skill level 5 in Maces & Flails
  1634 | D:3      | Reached XP level 5. HP: 30/32 MP: 5/5
  1921 | D:3      | Noticed an ice beast
  1935 | D:3      | Killed an ice beast
  1936 | D:3      | Reached skill level 6 in Maces & Flails
  2279 | D:3      | Reached XP level 6. HP: 37/37 MP: 6/6
  2694 | D:4      | Identified the "Zurchump"
  2936 | D:4      | Reached skill level 7 in Maces & Flails
  3270 | D:4      | Reached XP level 7. HP: 31/41 MP: 7/7
  3324 | D:4      | Reached skill level 8 in Maces & Flails
  3426 | D:4      | Noticed Sigmund
  3435 | D:4      | Killed Sigmund
  3658 | D:5      | Entered Level 5 of the Dungeon
  3784 | D:5      | Noticed Pikel
  3806 | D:5      | Killed Pikel
  3807 | D:5      | Reached skill level 10 in Maces & Flails
  3807 | D:5      | Reached XP level 8. HP: 46/46 MP: 8/8
  4008 | D:5      | Gained mutation: You cannot study or cast Earth magic. [Ru
                  | sacrifice]
  4008 | D:5      | Gained mutation: You cannot study or cast Transmutations
                  | magic. [Ru sacrifice]
  4008 | D:5      | Gained mutation: You cannot study or cast Translocations
                  | magic. [Ru sacrifice]
  4008 | D:5      | Reached ** piety under Ru
  4069 | D:5      | Found a staircase to the Ecumenical Temple.
  4224 | D:5      | Noticed Dowan
  4224 | D:5      | Noticed Duvessa
  4237 | D:5      | Reached skill level 11 in Maces & Flails
  4244 | D:5      | Killed Duvessa
  4257 | D:5      | Killed Dowan
  4258 | D:5      | Reached XP level 9. HP: 51/51 MP: 9/9
  4354 | D:5      | Found Guasmiha's Armour Shop.
  4749 | D:6      | Reached skill level 12 in Maces & Flails
  4845 | D:6      | Reached skill level 1 in Staves
  5514 | D:7      | Identified the "Vaanwaish"
  5928 | D:7      | Reached skill level 5 in Shields
  5972 | D:7      | Reached skill level 5 in Fighting
  5972 | D:7      | Reached skill level 5 in Armour
  5972 | D:7      | Reached XP level 10. HP: 59/59 MP: 10/10
  6241 | D:7      | Found a shimmering blue altar of Sif Muna.
  7021 | D:8      | Noticed Gastronok
  7023 | D:8      | Gained mutation: You are sensitive to extremes of
                  | temperature. (rF-, rC-) [Ru sacrifice]
  7023 | D:8      | Reached *** piety under Ru
  7023 | D:8      | Reached **** piety under Ru
  7055 | D:8      | Killed Gastronok
  7126 | D:8      | Found a staircase to the Lair.
  7143 | D:8      | Found a bloodstained altar of Trog.
  7278 | D:8      | Noticed a cyclops
  7300 | D:8      | Killed a cyclops
  7430 | D:8      | You fall into a shaft and drop 3 floors!
  7459 | D:11     | Noticed a manticore
  7487 | D:11     | Killed a manticore
  7720 | D:11     | Reached skill level 5 in Staves
  7726 | D:11     | Killed from afar by an orc priest

Illustrated notes

Levels and vault maps discovered:
D:1:      lightli_arrival_farm, layout_loops_ring, serial_bayou,
          serial_bayou_lake_a, serial_bayou_pond_a, serial_bayou_pond_c,
          minmay_distorted
D:2:      layout_rooms, basic_ecumenical_altar, uniq_terence
D:3:      layout_basic, mainiacjoe_overflow_alcove_1, uniq_robin
D:4:      minmay_wonky_spiral, layout_rooms, small_statue_alley_b,
          minmay_increasing_density, uniq_sigmund
D:5:      layout_loops_ring, minmay_temple_entry_statues_pillars, serial_shops,
          nicolae_shop_tiny_real_fake_doors, chequers_serial_rivers_small_b,
          kennysheep_pointless_box, uniq_duvessa, uniq_pikel
D:6:      layout_loops_ring, minivault_24, amcnicky_mini_corridor_feature
D:7:      layout_cave_pools, led_sif_book, minmay_manual_mail
D:8:      layout_gridville, trog_three_pillars_becter, lair_entry_dummy,
          uniq_gastronok
D:11:     lemuel_castle_with_subvaults [lemuel_castle_interior_carwin_1],
          layout_stronghold, david_orc_5, serial_shops, nicolae_stop_n_shop_2,
          nicolae_uskayaw_murder_on_the_dancefloor

Skill      XL: |  1  2  3  4  5  6  7  8  9 10 |
---------------+-------------------------------+-----
Maces & Flails | 3 4 5 6 7 10 11 12 | 12.0
Staves         | 3 5 |  5.0
Shields        | 5 6 |  6.5
Fighting       | 5 6 |  6.5
Armour         | 5 6 |  6.5

Action                     |  1- 3 |  4- 6 |  7- 9 | 10-12 || total
---------------------------+-------+-------+-------+-------++-------
  Melee: Flail             |    67 |   112 |       |       ||   179
         Whip              |       |   206 |   468 |   205 ||   879
 Invoke: Sacrifice Nimblen |       |     1 |       |       ||     1
         Sacrifice Arcana  |       |       |     1 |       ||     1
         Draw Out Power    |       |       |       |     3 ||     3
         Sacrifice Resista |       |       |       |     1 ||     1
    Use: Scroll            |       |       |    12 |     4 ||    16
         Potion            |       |       |     2 |     2 ||     4
   Stab: Distracted        |       |       |     1 |     1 ||     2
 Armour: Scale mail        |    53 |   204 |   166 |    20 ||   443
         Skin              |       |       |    11 |       ||    11
         Plate armour      |       |       |       |   122 ||   122
  Dodge: Dodged            |    51 |   136 |    90 |    39 ||   316
  Block: Buckler           |    13 |    67 |    76 |    51 ||   207

Table legend: (Time is in decaauts)
 A = Elapsed time spent in this place.
 B = Non-inter-level travel time spent in this place.
 C = Inter-level travel time spent in this place.
 D = Time resting spent in this place.
 E = Time spent auto-exploring this place.
 F = Levels seen in this place.
 G = Mean time per level.
                   A        B        C        D        E       F      G
               +--------+--------+--------+--------+--------+-----+--------+
         Total |   7504 |   7154 |    350 |      0 |   5665 |   9 |  833.8 |
       Dungeon |   7504 |   7154 |    350 |      0 |   5665 |   9 |  833.8 |
               +--------+--------+--------+--------+--------+-----+--------+

Top non-repeatable levels by time:
     D:3: 1151 daAuts
     D:6: 1010 daAuts
     D:4: 925 daAuts
     D:7: 922 daAuts
     D:1: 918 daAuts
     D:5: 814 daAuts
     D:8: 789 daAuts
     D:2: 722 daAuts
    D:11: 250 daAuts
